 Dungeon Crawl Stone Soup version 0.16.2-3-ga078185 (webtiles) character file.

178 gorblad the Shield-Bearer (level 5, -3/49 HPs)
             Began as a Deep Dwarf Fighter on Sept 7, 2015.
             Killed by divine providence
             ... invoked by an orc priest
              (10 damage)
             ... on level 3 of the Dungeon.
             The game lasted 00:08:38 (2039 turns).

gorblad the Shield-Bearer (Deep Dwarf Fighter)      Turns: 2039, Time: 00:08:38

Health: -3/49      AC: 12    Str: 21    XL:     5   Next: 32%
Magic:  5/5        EV:  2    Int:  8    God:
Gold:   106        SH: 14    Dex: 12    Spells: 0 memorised, 4 levels left

rFire  . . .     SeeInvis .     a - +0 war axe
rCold  . . .     Clarity  .     h - +1 plate armour
rNeg   . . .     SustAb   .     i - +0 large shield
rPois  .         Gourm    .     (no helmet)
rElec  .         Spirit   .     (no cloak)
rCorr  .         Warding  .     (no gloves)
rMut   .         Stasis   .     (no boots)
MR     .....                    (no amulet)
Stlth  ..........               (no ring)
                                (no ring)

@: non-regenerating, not resistant to hostile enchantments, extremely unstealthy
A: damage resistance, recharge devices, sense surroundings 1, slow healing 3
a: Device Recharging


You were on level 3 of the Dungeon.
You were hungry.

You visited 1 branch of the dungeon, and saw 3 of its levels.

You collected 106 gold pieces.

Inventory:

Hand weapons
 a - a +0 war axe (weapon)
Armour
 b - a +0 scale mail
 c - a +0 shield
 h - a +1 plate armour (worn)
 i - a +0 large shield (worn)
Magical devices
 d - a wand of heal wounds (4)
 j - a wand of slowing (15)
Potions
 e - 2 potions of might
 f - a potion of curing
 g - a potion of agility {unknown}
Comestibles
 k - 2 bread rations


   Skills:
 + Level 3.5 Fighting
 + Level 3.1 Axes
 + Level 4.1 Armour
 + Level 1.3 Dodging
 + Level 0.3 Stealth
 + Level 4.5 Shields


You had 4 spell levels left.
You didn't know any spells.

Dungeon Overview and Level Annotations

Branches:
Dungeon (3/15)

Altars:
Cheibriados
Dithmenos
Elyvilon
Fedhas
Makhleb
Nemelex Xobeh


Innate Abilities, Weirdness & Mutations

You are resistant to damage.
You can recharge devices by infusing magical energy.
You passively map a small area around you.
You do not heal naturally.


Message History

The orc hits you but does no damage. The orc hits you but does no damage.
You slash the orc!
You kill the orc!
Your shield and plate armour prevent you from hitting the orc priest.
The orc priest is heavily wounded.
You block the orc priest's attack.
The orc priest hits you but does no damage.
Your shield prevents you from hitting the orc priest.
The orc priest is heavily wounded.
The orc priest calls down the wrath of Beogh upon you.
You struggle to resist.
Your plate armour prevents you from hitting the orc priest.
The orc priest is heavily wounded.
You block the orc priest's attack. x2
You hit the orc priest.
The orc priest is almost dead.
The orc priest mumbles some strange prayers to Beogh against you.
Something smites you!
You die...

#.# #.# ,, * #.# ,
#.# , ,, #.#
########## #. #.#
#........# * #. #o#
#........# ,..
#o###........#####.
#)@.'........+...#.
#####........###.#.
#######.......#.
###...# #.......#.
#.....###.......#.
#..>....'.........
#[....###.........
#.....# #######...
#.....# #...


You could see an orc priest and an orc.

Vanquished Creatures
  6 adders
  4 gnolls (D:2)
  3 worms (D:2)
  3 giant geckos (D:1)
  2 oozes
  4 orcs
  8 bats
  9 goblins
  7 hobgoblins
  2 giant newts
  7 kobolds
  A quokka (D:2)
  8 rats
  8 plants (D:1)
72 creatures vanquished.

Notes
Turn   | Place    | Note
--------------------------------------------------------------
     0 | D:1      | gorblad, the Deep Dwarf Fighter, began the quest for the Orb.
     0 | D:1      | Reached XP level 1. HP: 20/20 MP: 1/1
   112 | D:1      | Reached XP level 2. HP: 18/27 MP: 2/2
   665 | D:1      | Reached XP level 3. HP: 18/34 MP: 3/3
  1165 | D:2      | Found a white marble altar of Elyvilon.
  1169 | D:2      | Found a shadowy altar of Dithmenos.
  1169 | D:2      | Found a blossoming altar of Fedhas.
  1211 | D:2      | Reached skill level 4 in Armour
  1234 | D:2      | Reached skill level 1 in Dodging
  1333 | D:2      | Reached XP level 4. HP: 35/42 MP: 4/4
  1392 | D:2      | Found a burning altar of Makhleb.
  1550 | D:2      | Found a snail-covered altar of Cheibriados.
  1615 | D:2      | Found a sparkling altar of Nemelex Xobeh.
  1659 | D:2      | Reached XP level 5. HP: 23/49 MP: 5/5
  2039 | D:3      | Killed from afar by an orc priest

Action                   |  1- 3 |  4- 6 || total
-------------------------+-------+-------++-------
Melee: War axe           |   367 |   104 ||   471
Evoke: Wand              |     1 |       ||     1
  Use: Scroll            |     2 |     2 ||     4
       Potion            |     2 |       ||     2
  Eat: Bread ration      |     1 |       ||     1
